 Dungeon Sprint DCSS version 0.23.0 (webtiles) character file.

Game seed: 979105633219503061

12600000 Fang the Ninja (level 22, -3/127 HPs)
             Began as a Felid Wanderer on Feb 13, 2019.
             Was the Champion of Makhleb.
             Slain by a bag of meat
             ... wielding a +9 war axe
              (30 damage)
             ... in the Dungeon (Sprint VIII: "Arena of Blood").
             The game lasted 00:02:39 (126 turns).

Fang the Ninja (Felid Wanderer)                      Turns: 126, Time: 00:02:39

Health: -3/127     AC:  3    Str: 13    XL:     22   Next: 56%
Magic:  54/54      EV: 40    Int: 16    God:    Makhleb [******]
Gold:   0          SH:  0    Dex: 18    Spells: 74/75 levels left
                                        Lives:  0   Deaths: 5

rFire    . . .     SeeInvis +     - Unarmed
rCold    + . .     Gourm    .   (shield unavailable)
rNeg     . . .     Faith    .   (armour unavailable)
rPois    .         Spirit   .   (helmet unavailable)
rElec    .         Reflect  .   (cloak unavailable)
rCorr    .         Harm     .   (gloves unavailable)
MR       +++..     NoTele   +   (boots unavailable)
Stlth    +++++++++.             (no amulet)
HPRegen  0.31/turn              a - +27000 ring of slaying
MPRegen  0.34/turn              (no ring)

@: quick
A: very small, no armour, no weapons or thrown items, stealth, claws 1, fangs 3,
see invisible, carnivore, speed 1, shaggy fur 3, slow metabolism 1, sharp paws
a: Minor Destruction, Lesser Servant of Makhleb, Major Destruction, Greater
Servant of Makhleb, Renounce Religion


You were in the Dungeon.
You worshipped Makhleb.
Makhleb was exalted by your worship.
You were not hungry.

You visited 1 branch

Inventory:

Jewellery
 a - a +27000 ring of slaying (left paw)
 j - a +100 ring of slaying
 k - a +30 ring of slaying
 m - a +30 ring of slaying
Scrolls
 i - a scroll of blinking
Potions
 b - 2 potions of curing
 c - a potion of lignification
 e - a potion of heal wounds
 f - a potion of haste
 g - 2 potions of magic
 h - a potion of berserk rage
Comestibles
 d - a ration


   Skills:
 O Level 27 Fighting
 O Level 27 Dodging
 O Level 27 Stealth
 O Level 27 Unarmed Combat
 O Level 27 Spellcasting
 O Level 27 Conjurations
   Level 1.0 Summonings
   Level 1.5 Translocations
 O Level 27 Invocations
   Level 1.1 Evocations


You had 74 spell levels left.
You knew the following spells:

 Your Spells              Type           Power        Failure   Level  Hunger
a - Magic Dart            Conj           ####         0%          1    None

Your spell library contained the following spells:

 Spells                   Type           Power        Failure   Level  Hunger
 Blink                    Tloc           N/A          1%          2    None
 Call Imp                 Summ           ###.....     1%          2    None
 Conjure Flame            Conj/Fire      ######..     1%          3    None
 Mephitic Cloud           Conj/Pois/Air  ######..     1%          3    None
 Slow                     Hex            ###.....     2%          2    None


Dungeon Overview and Level Annotations

Branches:
Dungeon (1/1)

Altars:
Makhleb


Innate Abilities, Weirdness & Mutations

You cannot wear armour.
You are incapable of wielding weapons or throwing items.
Your paws allow you to move quietly. (Stealth)
You have sharp claws.
You have razor-sharp teeth.
You have supernaturally acute eyesight. (SInv)
You are carnivorous and can eat meat at any time.
You cover ground quickly.
Your thick and shaggy fur keeps you warm. (AC +3, rC+)
You have a slow metabolism.
Your sharp claws are effective at attacking unaware monsters.


Message History

You hear a shout!
The bag of meat misses you.
You hear a shout!
A destroyer comes into view.
It is wielding a +9 great sword of slicing.
You hear a shout!
The meat berserker hits you with a +9 battleaxe!!
The destroyer shouts!
You hear a shout! x4
The bag of meat completely misses you.
The destroyer moves out of view.
Items here: )))) ==== ††† Unknown command.
You eviscerate the bag of meat!!!!!!!!!!
You kill the bag of meat!
Makhleb accepts your kill.
You hear a shout!
The meat berserker hits you with a +9 battleaxe!!!
Ouch! That really hurt!
* * * LOW HITPOINT WARNING * * *
You hear a shout! x2
The bag of meat hits you with a +9 war axe!!
You die...

......#o....○%)_o))....
....#.o..)%.#..)).#....
###....)).)..#_.<)_#..o.
#....#..o)...#)....#oo.)
........#).)))).._.o.o.).
#.......oooo.†).)###......
.........ooo###.......###†
.......oOoo...#.%.....#.V.
.....oo@o...#.......#...
...#....o...............
.#.#.#.................
..#.#.................# .
#.#.#o.............##.
..#.#.....#........# .
..... .............. .
.##.......##.#.
##...........


You could see a meat berserker (berserk) and 16 bags of meat.

Vanquished Creatures
  10 ogres (D)
  4 two-headed ogres (D)
  37 orcs (D)
51 creatures vanquished.

Notes
Turn   | Place    | Note
-------+----------+-------------------------------------------
     0 | D        | Fang the Felid Wanderer began the quest for the Orb.
     0 | D        | Fang set off with the following items: 2 potions of curing,
                  | a potion of lignification, a ration, a potion of heal
                  | wounds, a potion of haste, 2 potions of magic, a potion of
                  | berserk rage, a scroll of blinking; and the following spell
                  | memorised: Magic Dart; and the following spells available
                  | to memorise: Blink, Call Imp, Slow, Conjure Flame, Mephitic
                  | Cloud
     0 | D        | Reached XP level 1. HP: 9/9 MP: 3/3
     4 | D        | Became a worshipper of Makhleb the Destroyer
     6 | D        | Noticed a bag of meat
     9 | D        | Noticed a bag of meat
    12 | D        | Noticed a bag of meat
    14 | D        | Killed a bag of meat
    14 | D        | Reached XP level 2. HP: 25/25 MP: 3/17
    14 | D        | Reached XP level 3. HP: 29/29 MP: 3/19
    14 | D        | Reached XP level 4. HP: 33/33 MP: 3/20
    14 | D        | Reached XP level 5. HP: 37/37 MP: 3/22
    14 | D        | Gained mutation: You are covered in thick fur. (AC +2)
                  | [Felid growth]
    14 | D        | Reached XP level 6. HP: 41/41 MP: 3/23
    14 | D        | Reached XP level 7. HP: 45/45 MP: 3/25
    14 | D        | Reached XP level 8. HP: 49/49 MP: 3/26
    14 | D        | Reached XP level 9. HP: 52/52 MP: 3/27
    14 | D        | Reached XP level 10. HP: 57/57 MP: 3/28
    14 | D        | Reached XP level 11. HP: 60/60 MP: 3/29
    14 | D        | Noticed a bag of meat
    14 | D        | Noticed a bag of meat
    15 | D        | Noticed a bag of meat
    15 | D        | Noticed a bag of meat
    17 | D        | Noticed a bag of meat
    22 | D        | Killed a bag of meat
    22 | D        | Reached * piety under Makhleb
    22 | D        | Reached skill level 15 in Spellcasting
    22 | D        | Gained mutation: Your thick and shaggy fur keeps you warm.
                  | (AC +3, rC+) [Felid growth]
    22 | D        | Reached XP level 12. HP: 27/67 MP: 4/32
    22 | D        | Slain by a bag of meat
    23 | D        | Reached XP level 11. HP: -1/63 MP: 4/31
    23 | D        | Killed a bag of meat
    23 | D        | Reached XP level 12. HP: 69/69 MP: 31/33
    23 | D        | Reached XP level 13. HP: 73/73 MP: 31/34
    23 | D        | Noticed a meat berserker
    24 | D        | Killed a bag of meat
    25 | D        | Noticed a bag of meat
    25 | D        | Noticed a bag of meat
    25 | D        | Noticed a bag of meat
    26 | D        | Noticed a bag of meat
    28 | D        | Killed a bag of meat
    28 | D        | Reached ** piety under Makhleb
    28 | D        | Reached XP level 14. HP: 69/81 MP: 32/37
    28 | D        | Noticed a bag of meat
    29 | D        | Killed a bag of meat
    29 | D        | Reached skill level 27 in Stealth
    29 | D        | Noticed a large bag of meat
    30 | D        | Noticed a meat berserker
    31 | D        | Killed a meat berserker
    31 | D        | Reached XP level 15. HP: 90/90 MP: 32/41
    32 | D        | Reached *** piety under Makhleb
    32 | D        | Reached XP level 16. HP: 96/96 MP: 33/43
    35 | D        | Noticed a meat berserker
    37 | D        | Noticed a large bag of meat
    39 | D        | Mangled by a bag of meat
    40 | D        | Reached XP level 15. HP: -8/94 MP: 34/45
    45 | D        | Noticed a large bag of meat
    47 | D        | Reached **** piety under Makhleb
    47 | D        | Reached skill level 27 in Fighting
    47 | D        | Reached skill level 27 in Unarmed Combat
    47 | D        | Reached XP level 16. HP: 100/100 MP: 45/47
    47 | D        | Noticed a meat berserker
    48 | D        | Reached skill level 27 in Spellcasting
    48 | D        | Reached skill level 10 in Dodging
    50 | D        | Killed a meat berserker
    50 | D        | Reached XP level 17. HP: 104/104 MP: 46/49
    51 | D        | Killed a large bag of meat
    51 | D        | Reached ***** piety under Makhleb
    52 | D        | Noticed a meat berserker
    53 | D        | Killed a meat berserker
    53 | D        | Reached XP level 18. HP: 109/109 MP: 46/50
    53 | D        | Noticed a destroyer
    54 | D        | Killed a meat berserker
    54 | D        | Reached skill level 27 in Dodging
    56 | D        | Killed a large bag of meat
    57 | D        | Reached XP level 19. HP: 113/113 MP: 47/51
    58 | D        | Reached skill level 27 in Invocations
    59 | D        | Killed a meat berserker
    59 | D        | Reached skill level 27 in Conjurations
    62 | D        | Reached XP level 20. HP: 118/118 MP: 48/52
    64 | D        | Reached ****** piety under Makhleb
    66 | D        | Noticed a meat berserker
    69 | D        | Reached XP level 21. HP: 122/122 MP: 49/53
    69 | D        | Noticed a large bag of meat
    70 | D        | Killed a large bag of meat
    71 | D        | Annihilated by a destroyer
    72 | D        | Reached XP level 20. HP: -91/118 MP: 50/52
    75 | D        | Noticed a meat berserker
    77 | D        | Noticed a destroyer
    77 | D        | Noticed a meat berserker
    77 | D        | Noticed a meat berserker
    78 | D        | Noticed a meat berserker
    78 | D        | Killed a meat berserker
    82 | D        | Annihilated by a destroyer
    83 | D        | Reached XP level 19. HP: -116/113 MP: 51/51
    87 | D        | Noticed a meat berserker
    91 | D        | Killed a meat berserker
    91 | D        | Reached XP level 20. HP: 118/118 MP: 52/52
    93 | D        | Killed a meat berserker
    95 | D        | Killed a large bag of meat
    96 | D        | Noticed a meat berserker
    97 | D        | Noticed a meat berserker
    97 | D        | Noticed a meat berserker
    98 | D        | Reached XP level 21. HP: 122/122 MP: 53/53
   109 | D        | Reached XP level 22. HP: 115/127 MP: 54/54
   115 | D        | Mangled by a meat berserker
   116 | D        | Reached XP level 21. HP: -8/122 MP: 53/53
   120 | D        | Reached XP level 22. HP: 127/127 MP: 54/54
   125 | D        | Noticed a destroyer
   126 | D        | Slain by a bag of meat

Skill      XL: |  1  2  3  4  5  6  7  8  9 10 11 12 13 14 15 16 17 18 19 |
---------------+----------------------------------------------------------+-----
Fighting       | 14 18 20 23 27 26 | 27.0
Stealth        | 19 23 26 27 | 27.0
Unarmed Combat | 14 18 20 23 27 26 | 27.0
Spellcasting   | 13 16 18 21 26 27 | 27.0
Dodging        | 17 25 27 | 27.0
Conjurations   | 13 19 24 27 | 27.0
Invocations    | 14 20 26 27 | 27.0
Summonings     | |  1.0
Translocations | |  1.5
Evocations     | |  1.1

Action                   |  1- 3 |  4- 6 |  7- 9 | 10-12 | 13-15 | 16-18 | 19-21 | 22-24 || total
-------------------------+-------+-------+-------+-------+-------+-------+-------+-------++-------
Melee: Unarmed           |     1 |       |       |     2 |     6 |    11 |    23 |    10 ||    53
  Eat: Chunk             |       |       |       |       |     2 |       |     1 |       ||     3
Dodge: Dodged            |       |       |       |       |       |     1 |     3 |     9 ||    13
